Map: Prion Terraces

Players

HanDSoMe - Winner!

  • Race: Terran Terran
  • League: Silver

LindyHop

  • Race: Zerg Zerg
  • League: Silver

VOD

Have the link to the VOD?

Description

Time

  • Played on: Nov. 28, 2015, 1:31 p.m.
  • Length: 9:10
Show
View Real Time Build Order
Export as new Build Order

HanDSoMe Terran - Winner!

Build Orders: MMM Bio 

Get SALT Encoding   

  12  0:02  SCV  
  14  0:14  SCV  
  14  0:21  Supply Depot  
  14  0:26  SCV  
  15  0:39  Refinery  
  15  0:44  Barracks  
  15  0:54  Barracks  
  15  1:00  SCV  
  16  1:12  SCV  
  17  1:24  SCV  
  18  1:31  Reaper  
  19  1:34  Supply Depot  
  19  1:40  Orbital Command  
  19  1:42  Reaper  
  20  1:47  Refinery  
  20  1:57  Barracks  
  20  2:03  Reaper  
  21  2:11  SCV  
  22  2:17  Reaper  
  23  2:24  SCV  
  24  2:35  Reaper  
  24  2:36  SCV  
  26  2:46  Reaper  
  26  2:49  Supply Depot  
  26  2:50  Reaper  
  28  2:54  SCV  
  29  3:05  Command Center  
  28  3:27  Reaper x2  
  30  3:39  Reaper  
  30  3:40  SCV  
  32  3:59  Reaper  
  32  4:04  Reaper  
  32  4:07  SCV  
  32  4:09  Command Center  
  34  4:12  Barracks Tech Lab  
  34  4:17  Factory  
  33  4:43  Barracks Tech Lab  
  33  4:47  Barracks  
  33  4:48  Stimpack, Marine  
  33  4:49  Barracks Reactor  
  34  4:53  SCV  
  34  4:54  Orbital Command  
  35  5:05  SCV, Combat Shields  
  35  5:06  Marine  
  35  5:07  Factory Reactor  
  37  5:17  SCV  
  38  5:24  Starport  
  38  5:26  SCV  
  38  5:28  Refinery  
  39  5:29  SCV  
  39  5:30  Orbital Command  
  38  5:41  SCV  
  37  5:44  SCV  
  37  5:53  SCV  
  37  5:56  SCV  
  39  6:01  Barracks Reactor  
  39  6:05  SCV  
  39  6:08  SCV x2  
  39  6:10  Supply Depot  
  42  6:11  Marauder, Marine x3  
  42  6:14  Medivac  
  42  6:17  SCV  
  42  6:18  Medivac  
  52  6:20  SCV x2  
  52  6:25  Barracks  
  54  6:29  SCV, Marine x3  
  59  6:32  SCV x2  
  59  6:34  Marauder  
  59  6:38  Concussive Shells  
  62  6:41  SCV  
  62  6:43  Supply Depot  
  62  6:44  Supply Depot  
  64  6:48  Marauder, Marine  
  64  6:54  SCV x2  
  68  6:55  Medivac  
  68  6:56  Medivac  
  68  6:57  Marine  
  73  7:05  Supply Depot  
  73  7:06  SCV x2  
  73  7:07  Engineering Bay  
  75  7:11  Orbital Command  
  74  7:25  Marauder, Marine x2  
  78  7:31  Marine  
  78  7:32  Marauder, Marine  
  78  7:33  SCV x2  
  78  7:34  Barracks Reactor  
  78  7:36  Factory Reactor  
  84  7:43  SCV, Marine x2  
  87  7:45  SCV x2  
  87  7:47  Marauder  
  87  7:48  Engineering Bay  
  87  7:49  Marine x2  
  92  7:51  Supply Depot  
  92  7:53  Marine  
  92  7:55  SCV  
  92  7:56  Armory  
  92  7:57  SCV  
  95  8:00  Marine  
  96  8:05  SCV  
  96  8:07  SCV  
  96  8:08  Marauder, Marine  
  101  8:13  SCV, Marauder, Marine x2  
  101  8:18  Marine  
  101  8:19  Marine x2  
  109  8:26  Marine  
  105  8:29  Marauder  
  105  8:30  Marine x2  
  109  8:41  Supply Depot  
  109  8:42  Supply Depot  
  109  8:43  Refinery  
  109  8:47  Supply Depot  
  109  8:49  Supply Depot  
Show
View Real Time Build Order
Export as new Build Order

LindyHop Zerg 

Build Orders: Hatch First 

Get SALT Encoding   

  12  0:01  Drone  
  13  0:11  Drone  
  14  0:34  Hatchery  
  13  0:41  Drone  
  14  0:55  Spawning Pool  
  13  0:59  Drone  
  13  1:02  Extractor  
  13  1:08  Overlord  
  13  1:13  Drone  
  14  1:27  Drone x2  
  14  1:31  Drone  
  17  1:42  Queen  
  17  1:45  Zergling x2  
  20  1:56  Queen  
  22  2:06  Metabolic Boost  
  22  2:08  Drone  
  23  2:14  Drone  
  24  2:18  Overlord  
  23  2:30  Drone x3  
  26  2:43  Zergling x4  
  28  2:50  Zergling x2  
  29  2:53  Roach Warren  
  28  3:00  Zergling x4  
  28  3:01  Overlord  
  29  3:24  Spine Crawler  
  27  3:30  Zergling x8  
  27  3:31  Zergling x4  
  32  3:36  Zergling x2  
  32  3:37  Zergling x4  
  33  3:43  Roach x2  
  35  4:03  Roach x4  
  42  4:11  Burrow  
  42  4:13  Roach  
  43  4:27  Overlord  
  43  4:28  Overlord  
  43  4:42  Drone  
  44  4:56  Hatchery  
  43  5:06  Drone x6  
  48  5:19  Drone  
  48  5:20  Drone x2  
  37  5:50  Drone x2  
  37  5:51  Drone x2  
  37  5:52  Roach x3  
  37  5:53  Roach  
  45  6:02  Lair  
  45  6:10  Queen  
  47  6:30  Drone x3  
  50  6:37  Extractor  
  50  6:39  Drone x5  
  54  6:43  Drone x2  
  54  6:44  Drone x2, Extractor x2  
  56  6:54  Zergling x2  
  56  6:55  Spine Crawler, Zergling x2  
  53  7:17  Roach  
  53  7:18  Roach x5  
  53  7:21  Extractor  
  62  7:23  Spire  
  62  7:26  Drone  
  62  7:52  Queen  
  62  7:53  Drone x2  
  62  7:54  Overlord x2  
  62  7:55  Overlord  
  57  8:26  Spire  
  51  8:42  Drone x4  
  51  8:43  Drone x4  
  59  8:51  Drone  
Tags
 
Composition
MMM Bio
Matchup
TvZ
Add a new tag
Caveats
  • Supply blocks, unpowered buildings, or Contaminate may cause inaccurate times.
  • Supply counts are checked every 10 seconds.